 Dungeon Crawl Stone Soup version 0.13-a0-2537-g1f6edf4 (webtiles) character file.

227 Psiweapon the Firebug (level 4, -1/34 HPs)
             Began as a Djinni Fire Elementalist on July 27, 2013.
             Slain by Grinder (10 damage)
             ... while paralysed by Grinder
             ... on Level 3 of the Dungeon.
             The game lasted 00:10:23 (2063 turns).

Psiweapon the Firebug (Djinni Fire Elementalist)    Turns: 2063, Time: 00:10:23

HP  -1/34        AC  2     Str  9      XL: 4   Next: 37%
MP   0/0         EV  2     Int 16      God:
Gold 134         SH  0     Dex 13      Spells:  2 memorised,  1 level left

Res.Fire  : + + +   See Invis. : .   m - +0 quarterstaff
Res.Cold  : x . .   Warding    : .   a - +0 robe
Life Prot.: + + +   Conserve   : .   (no shield)
Res.Poison: .       Res.Corr.  : .   (no helmet)
Res.Elec. : .       Clarity    : .   (no cloak)
Sust.Abil.: . .     Spirit.Shd : .   (no gloves)
Res.Mut.  : .       Stasis     : .   (boots unavailable)
Res.Rott. : .       Flight     : .   (no amulet)
Saprovore : . . .                    (no ring)
                                     (no ring)

@: paralysed, very slightly contaminated, slightly resistant to hostile
enchantments, unstealthy
A: no striking features
a: no special abilities


You were on level 3 of the Dungeon.
You were not hungry.

You visited 1 branch of the dungeon, and saw 3 of its levels.

You collected 114 gold pieces.

Inventory:

Hand weapons
 h - a +0,+0 sling
 m - a +0,+0 quarterstaff (weapon)
 n - a +0,+0 long sword
Armour
 a - a +0 robe (worn)
Scrolls
 d - a scroll of remove curse {unknown}
 g - a scroll of enchant weapon I {unknown}
 i - a scroll of curse armour {unknown}
 k - 2 scrolls of curse weapon {unknown}
 l - a scroll of identify {unknown}
 o - a scroll of random uselessness {unknown}
 p - a scroll of fog {unknown}
Potions
 e - a potion of mutation {unknown}
 f - a potion of might {unknown}
 j - a potion of poison {unknown}
Books
 b - a book of Flames

   Spells                             Type                      Level
   *Flame Tongue                      Conjuration/Fire             1
   Throw Flame                        Conjuration/Fire             2
   *Conjure Flame                     Conjuration/Fire             3
   Inner Flame                        Hexes/Fire                   3
   Sticky Flame                       Conjuration/Fire             4
   Fireball                           Conjuration/Fire             5


   Skills:
 - Level 1.9 Dodging
 - Level 1.6 Stealth
 - Level 1.2 Spellcasting
 - Level 1.1 Conjurations
 + Level 6.8 Fire Magic


You had one spell level left.
You knew the following spells:

 Your Spells              Type           Power        Failure   Level  Hunger
a - Flame Tongue          Conj/Fire      ##...        6%          1    ##.....
b - Conjure Flame         Conj/Fire      ##......     14%         3    ####...


Dungeon Overview and Level Annotations

Branches:
Dungeon (3/27)

Altars:
Zin

Annotations
D:2 Terence
D:3 Grinder


Message History

* * * LOW HITPOINT WARNING * * *
You barely miss Grinder.
Grinder is moderately wounded.
Grinder gestures at you. You resist.
You hit Grinder.
Grinder is heavily wounded.
Grinder says, "DUCK!"
Grinder gestures.
Grinder blinks!
Grinder says, "There's only one good use for a tongue: cutting it out."
Grinder gestures at you. You resist. Grinder gestures at you.
You suddenly lose the ability to move!
Grinder says, "Mostly I couldn't keep them alive."
Grinder hits you.
* * * LOW HITPOINT WARNING * * *
Grinder hits you!
You die...

.....#... #.#
)....# #.#
.....# #.#
.....# #.#
.....# #### #.#
.....# #.. #.#
###.## #.# #.#
#.#####.####.#5#
#.........)..#@#
#######.######.#
#........#
##########


You could see Grinder.

Vanquished Creatures
  3 adders (D:2)
  2 giant mites
  A worm (D:3)
  2 giant geckos (D:1)
  An orc (D:3)
  A ball python (D:2)
  2 giant cockroaches
  8 goblins
  8 hobgoblins
  9 kobolds
  6 bats
  A rat (D:1)
44 creatures vanquished.

Notes
Turn   | Place    | Note
--------------------------------------------------------------
     0 | D:1      | Psiweapon, the Djinni Fire Elementalist, began the quest for the Orb.
     0 | D:1      | Reached XP level 1. HP: 14/14 MP: 0/0
   175 | D:1      | Reached XP level 2. EP: 9/21
   546 | D:1      | Reached skill level 5 in Fire Magic
   776 | D:2      | Reached XP level 3. EP: 18/26
   839 | D:2      | Learned a level 3 spell: Conjure Flame
   844 | D:2      | Found a glowing silver altar of Zin.
   912 | D:2      | Noticed Terence
  1261 | D:2      | Reached skill level 6 in Fire Magic
  1507 | D:2      | Reached XP level 4. EP: 28/34
  2030 | D:3      | Noticed Grinder
  2057 | D:3      | Paralysed by Grinder for 7 turns
  2063 | D:3      | Slain by Grinder

Action                   |  1- 3 |  4- 6 || total
-------------------------+-------+-------++-------
Melee: Unarmed           |     4 |       ||     4
       Quarterstaff      |       |     9 ||     9
 Fire: Sling             |       |    23 ||    23
 Cast: Flame Tongue      |    57 |    21 ||    78
       Conjure Flame     |     2 |     6 ||     8
  Use: Potion            |       |     2 ||     2
